 Dungeon Crawl Stone Soup version 0.28.0-53-g5a82cb258f (webtiles) character file.

Game seed: 5301585709152580835

98476 Doot the Lord of Darkness (level 15, -8/98 HPs)
             Began as a Demonspawn Necromancer on July 2, 2022.
             Was the Champion of Kikubaaqudgha.
             Mangled by a bog body (14 damage)
             ... on level 3 of the Swamp.
             The game lasted 01:41:01 (45460 turns).

Doot the Lord of Darkness (Demonspawn Necromancer) Turns: 45460, Time: 01:41:02

Health: -8/98      AC: 12    Str:  9    XL:     15   Next: 75%
Magic:  33/42      EV:  9    Int: 36    God:    Kikubaaqudgha [******]
Gold:   2684       SH: 16    Dex:  8    Spells: 14/43 levels left

rFire   + + .      SeeInvis .   N - +7 dagger "Cuddirgh" {flame, rF+ rN++ Dex-5 Stlth+}
rCold   + . .      Faith    .   o - +2 kite shield
rNeg    + + .      Spirit   .   u - +7 ring mail of Perfidy {rElec rF+ rC+}
rPois   +          Reflect  +   (helmet unavailable)
rElec   +          Harm     .   (no cloak)
rCorr   .          Rampage  .   a - +0 pair of gloves
Will    ++...                   g - +0 pair of boots of the Catamount {rPois Will+ Int+6}
Stlth   ++........              L - amulet of reflection
HPRegen 0.26/turn               U - ring of magical power
MPRegen 0.28/turn               q - ring of flight

@: about to teleport, death channelling, corroded, flying
A: horns 3, ignite blood 2, powered by death 2, big brain 3
a: Renounce Religion, Receive Corpses, Torment


You were on level 3 of the Swamp.
You worshipped Kikubaaqudgha.
Kikubaaqudgha was exalted by your worship.
You visited 5 branches of the dungeon, and saw 26 of its levels.
You also visited: Ossuary, Bailey, Gauntlet, Ice Cave and Volcano.

You collected 2979 gold pieces.
You spent 295 gold pieces at shops.

Inventory:

Hand Weapons
 N - the +7 dagger "Cuddirgh" (weapon) {flame, rF+ rN++ Dex-5 Stlth+}
   (You found it on level 9 of the Dungeon)

   It burns those it strikes, dealing additional fire damage.
   Dex:       It affects your dexterity (-5).
   rF:        It protects you from fire.
   rN:        It greatly protects you from negative energy.
   Stlth:     It makes you more stealthy.
Missiles
 G - 4 throwing nets
Armour
 a - a +0 pair of gloves (worn)
 g - the +0 pair of boots of the Catamount (worn) {rPois Will+ Int+6}
   (You found it in a Gauntlet)

   Int:       It affects your intelligence (+6).
   rPois:     It protects you from poison.
   Will:      It increases your willpower.
 j - an orb of guile
 o - a +2 kite shield (worn)
 u - the +7 ring mail of Perfidy (worn) {rElec rF+ rC+}
   (You bought it in a shop on level 3 of the Dungeon)

   rF:        It protects you from fire.
   rC:        It protects you from cold.
   rElec:     It insulates you from electricity.
 v - a +0 robe of cold resistance
 Q - the +4 crystal plate armour of Filigreed Birdsong {*Slow rElec Int-5 Slay+5}
   (You found it in an ice cave)

   Int:       It affects your intelligence (-5).
   Slay:      It affects your accuracy & damage with ranged weapons and melee
   (+5).
   rElec:     It insulates you from electricity.
   *Slow:     It may slow you when you take damage.
Magical Staves
 F - a staff of earth
 R - a staff of fire
Jewellery
 e - an amulet of the acrobat
 l - a ring of resist corrosion
 p - a +6 ring of strength
 q - a ring of flight (right hand)
 L - an amulet of reflection (around neck)
 S - a ring of ice
 U - a ring of magical power (left hand)
Wands
 h - a wand of flame (53)
 E - a wand of mindburst (8)
 H - a wand of iceblast (31)
 P - a wand of charming (5)
 W - a wand of digging (9)
 Z - a wand of paralysis (8)
Scrolls
 b - 6 scrolls of teleportation
 c - 4 scrolls of summoning
 d - 2 scrolls of vulnerability
 f - 2 scrolls of fear
 i - 6 scrolls of blinking
 s - 4 scrolls of enchant weapon
 x - 2 scrolls of noise {unknown}
 y - 4 scrolls of silence
 A - 4 scrolls of amnesia
 D - a scroll of holy word
 I - a scroll of fog {unknown}
 M - 2 scrolls of immolation
 O - 2 scrolls of enchant armour
 V - a scroll of torment {unknown}
Potions
 k - 2 potions of lignification
 m - a potion of magic
 n - 5 potions of curing
 r - 2 potions of haste
 t - a potion of heal wounds
 w - 5 potions of mutation
 z - 3 potions of attraction
 B - 5 potions of brilliance
 C - 3 potions of flight
 K - 2 potions of might
 T - a potion of invisibility
 X - 2 potions of resistance
 Y - 2 potions of cancellation {unknown}
Miscellaneous
 J - a lightning rod (2/4)


   Skills:
 + Level 3.1 Fighting
 + Level 3.5 Short Blades
 + Level 7.5 Armour
 + Level 4.3 Dodging
 + Level 3.5 Stealth
 * Level 8.2 Shields
 * Level 14.8 Spellcasting
 + Level 3.1 Hexes
 * Level 16.4 Necromancy
 * Level 8.7 Air Magic
 * Level 8.3 Evocations


You had 14 spell levels left.
You knew the following spells:

 Your Spells              Type           Power      Damage    Failure   Level
a - Pain                  Necr           100%       1d9       0%          1
b - Vampiric Draining     Necr           98%        2d13      1%          3
c - Static Discharge      Conj/Air       55%        N/A       1%          2
d - Animate Dead          Necr           49%        N/A       1%          4
e - Agony                 Necr           98%        N/A       1%          5
f - Anguish               Hex/Necr       39%        N/A       1%          4
g - Airstrike             Air            36%        N/A       1%          4
h - Death Channel         Necr           49%        N/A       1%          6

Your spell library contained the following spells:

 Spells                   Type           Power      Damage    Failure   Level
 Animate Skeleton         Necr           100%       N/A       0%          1
 Sublimation of Blood     Necr           98%        N/A       0%          2
 Shock                    Conj/Air       100%       1d9       1%          1
 Swiftness                Air            73%        N/A       1%          3
 Excruciating Wounds      Necr           49%        N/A       1%          5
 Tukima's Dance           Hex            49%        N/A       2%          3
 Searing Ray              Conj           52%        2d6       5%          2
 Wereblood                Tmut           26%        N/A       5%          2
 Inner Flame              Hex/Fire       38%        N/A       5%          3
 Summon Lightning Spire   Summ/Air       55%        N/A       6%          4
 Frozen Ramparts          Ice            52%        1d7       11%         3
 Gell's Gravitas          Tloc           26%        N/A       11%         3
 Lesser Beckoning         Tloc           26%        N/A       11%         3
 Teleport Other           Tloc           26%        N/A       11%         3
 Lightning Bolt           Conj/Air       27%        1d44      16%         5
 Fulminant Prism          Conj/Hex       19%        3d11      17%         4
 Simulacrum               Ice/Necr       36%        N/A       17%         6
 Borgnjor's Revivificati  Necr           49%        N/A       26%         8
 Infestation              Necr           49%        N/A       26%         8
 Ice Form                 Ice/Tmut       26%        N/A       32%         4
 Iskenderun's Mystic Bla  Conj/Tloc      26%        2d7       32%         4
 Summon Ice Beast         Ice/Summ       26%        N/A       32%         4
 Lee's Rapid Deconstruct  Erth           13%        3d10*     65%         5
 Summon Forest            Summ/Tloc      13%        N/A       65%         5
 Haunt                    Necr/Summ      36%        N/A       65%         7
 Death's Door             Necr           49%        N/A       98%         9
 Eringya's Noxious Bog    Tmut/Pois      13%        N/A       99%         6
 Enfeeble                 Hex            24%        N/A       99%         7
 Storm Form               Tmut/Air       27%        N/A       99%         7
 Maxwell's Capacitive Co  Air            36%        ∞         99%         8
 Necromutation            Tmut/Necr      36%        N/A       99%         8
 Summon Hydra             Summ           13%        N/A       100%        7
 Lehudib's Crystal Spear  Conj/Erth      13%        10d4      100%        8


Dungeon Overview and Level Annotations

Branches:
Dungeon (14/15)            Temple (1/1) D:5            Lair (6/6) D:11
  Swamp (2/4) Lair:4       Spider (0/4) Lair:3        Slime (0/5) Lair:5
    Orc (2/2) D:10            Elf (0/3) Orc:2        Vaults (0/5) D:13
Ossuary (visited)          Bailey (visited)           IceCv (visited)
Volcano (visited)         Gauntlet (visited)

Altars:
Ashenzari
Dithmenos
Fedhas
Gozag
Hepliaklqana
Kikubaaqudgha
Nemelex Xobeh
Okawaru
Ru
Uskayaw
Vehumet
Wu Jian
Xom
Zin
The Shining One
Ignis

Shops:
D:3 [   D:5 *   D:6 (   D:10 [[   D:11 (   Orc:2 (([**

Annotations:
D:5 Menkaure
D:11 Snorg
D:13 3 runed translucent doors
D:14 Frances
Lair:4 1 runed translucent door, Aroor's ghost, journeyman OpEE
Swamp:1 Jorgrun


Innate Abilities, Weirdness & Mutations

You have a pair of large horns on your head.
Your demonic aura often causes spilled blood to erupt in flames.
You regenerate health from kills.
You have an absolutely massive brain. (Int +6, Wiz)


Message History

Found a potion of degeneration.
You block the spriggan rider's attack.
Found 10 gold pieces.
The bog body casts a spell at you. The bolt of cold hits you! You resist.
The spriggan rider is engulfed in blazing flames.
Okay, then.
Unknown command.
Unknown command.
Aiming: Thunderbolt
Press: ? - help, Shift-Dir - straight line, f - spriggan rider
Aim: a spriggan rider, wielding a +0 spear (moderately wounded)
The thunderbolt hits the spriggan rider!
The spriggan rider is heavily wounded.
You hear a shout! x3; You hear a deafening roar!
You block the spriggan rider's attack.
The bog body points at you and mumbles some strange words.
The bolt of cold hits you! You resist.
Unknown command.
Unknown command.
Aiming: Thunderbolt
Press: ? - help, Shift-Dir - straight line, f/p - spriggan rider
Aim: a spriggan rider, wielding a +0 spear (heavily wounded)
The thunderbolt hits the spriggan rider!
The spriggan rider is almost dead.
You block the spriggan rider's attack. The bog body touches you.
The bog body freezes you! You resist.
* * * LOW HITPOINT WARNING * * *
Unknown command.
Casting: Animate Dead (safe; 1% risk of failure)
Confirm with . or Enter, or press ? or * to list all spells.
You can't see any susceptible monsters within range! (Use Z to cast anyway.)
As you read the scroll of teleportation, it crumbles to dust.
You feel strangely unstable.
The spriggan rider hits you from afar with a +0 spear.
* * * LOW HITPOINT WARNING * * *
The bog body touches you!
* * * LOW HITPOINT WARNING * * *
The bog body freezes you! You resist.
You die...
Kikubaaqudgha rasps: "You have failed me!
Welcome... death!"

♣.♣ ..♣ ♣.♣♣
♣..♣♣ ♣.
♣..♣♣....♣♣..
♣...i.......
♣...(.....D
♣..♣♣....♣
♣.♣♣ ..♣♣
♣i♣♣♣♣..♣♣
♣..♣♣@...♣♣$
♣.°i..n...!..
♣♣♣♣♣♣♣♣♣♣♣♣♣


You could see an eight-headed hydra, a spriggan rider and a bog body.

Vanquished Creatures
  A stone giant (Volcano)
  A bunyip (Swamp:2)
  An ettin (Orc:1)
  A fire dragon (Lair:6)
  2 vault guards (Bailey)
  11 hydras
  2 boulder beetles
  An ironbound frostheart (IceCv)
  4 centaur warriors
  Erica (D:8)
  An alligator (Swamp:1)
  2 two-headed ogres
  A tengu warrior (D:14)
  5 death yaks
  A catoblepas (Lair:3)
  An orc high priest (Orc:2)
  A glowing orange brain (D:14)
  2 goliath frogs
  A deep troll (D:13)
  Pikel (D:5)
  2 deep elf pyromancers
  A lindwurm (Lair:5)
  2 wolf spiders (Lair:3)
  6 orc sorcerers
  2 oklob plants
  2 manticores
  2 cyclopes
  A will-o-the-wisp (Swamp:1)
  4 ugly things
  A torpor snail (Lair:5)
  An ice statue (IceCv)
  11 elephants
  A black mamba (Lair:2)
  2 unseen horrors
  2 kobold demonologists
  3 cane toads
  Maggie (D:8)
  4 rime drakes
  6 komodo dragons
  A queen bee (shapeshifter) (D:14)
  2 efreet
  4 trolls
  4 hornets
  5 polar bears
  Prince Ribbit (Bailey)
  4 slime creatures (D:12)
  A hornet (shapeshifter) (D:13)
  2 tyrant leeches (Swamp:1)
  5 dream sheep
  13 blink frogs
  A spriggan (Swamp:1)
  2 flying skulls (Gauntlet)
  68 yaks
  A shadow (D:10)
  A wyvern (Lair:4)
  3 wraiths
  8 basilisks
  2 fire elementals (Volcano)
  5 humans (Bailey)
  4 vampire mosquitoes
  Grum (D:9)
  A fire bat (shapeshifter) (D:13)
  A steam dragon (Lair:4)
  A redback (Lair:3)
  6 swamp worms
  4 acid dragons
  15 water moccasins
  Duvessa (D:4)
  A swamp drake (Swamp:1)
  5 black bears
  An ice beast (D:4)
  11 orc warriors
  5 ogres
  A necrophage (D:5)
  28 wolves
  3 centaurs (D:11)
  3 lemures (D:5)
  17 bullfrogs
  4 kobold brigands
  3 gnoll sergeants
  4 scorpions
  Dowan (D:4)
  2 electric eels
  2 jellies
  3 howler monkeys
  5 centaur zombies
  A gnoll shaman (D:4)
  20 orc priests
  8 iguanas
  30 orc wizards
  A killer bee zombie (D:7)
  A hound skeleton (D:2)
  8 mummies (Ossuary)
  A howler monkey skeleton (D:7)
  2 howler monkey zombies
  15 gnolls
  7 adders
  A shadow imp (D:3)
  12 white imps (D:11)
  An adder skeleton (D:4)
  3 worms
  4 dart slugs
  50 orcs
  5 ball pythons
  6 endoplasms
  5 giant cockroaches
  12 goblins
  5 hobgoblins
  6 jackals
  4 quokkas
  7 bats
  6 frilled lizards
  A gnoll zombie (Ossuary)
  3 hobgoblin zombies (Ossuary)
  13 kobolds
  3 kobold zombies (Ossuary)
  An orc zombie (Ossuary)
  9 rats
  A spectral hobgoblin (D:3)
613 creatures vanquished.

Vanquished Creatures (collateral kills)
  A hydra (Lair:6)
  A swamp dragon (Lair:6)
  2 elephants (Lair:6)
  A black mamba (Lair:6)
  2 cane toads
  A rime drake (Lair:6)
  4 blink frogs (Lair:6)
  2 dream sheep (Lair:6)
  2 yaks (Lair:6)
  A human (Bailey)
  A steam dragon (Lair:6)
  A vampire mosquito (D:11)
  A water moccasin (Lair:5)
  4 swamp drakes
  2 wolves
  5 iguanas
  A goblin (Bailey)
32 creatures vanquished.

Vanquished Creatures (others)
  A shambling mangrove (Swamp:2)
  5 hydras
  An ironbound frostheart (IceCv)
  2 alligators (Swamp:1)
  A two-headed ogre (D:13)
  A lindwurm (D:13)
  An orc sorcerer (Orc:2)
  2 ugly things
  A black mamba (Lair:1)
  3 cyclopes
  3 gargoyles
  2 komodo dragons (Lair:6)
  An efreet (Volcano)
  6 polar bears
  2 blink frogs
  A dream sheep (Lair:6)
  6 flying skulls (Gauntlet)
  A wyvern (D:10)
  5 yaks
  A swamp worm (Swamp:1)
  2 acid dragons
  2 hell hounds (Orc:1)
  2 orc warriors
  A black bear (Lair:2)
  7 wolves
  A bullfrog (Lair:1)
  3 orc priests
  2 orc wizards
  2 orcs (Orc:2)
  4 foxfires (Swamp:1)
  74 fungi
  100 plants
  4 toadstools (D:1)
250 creatures vanquished.

Grand Total: 895 creatures vanquished

Notes
Turn   | Place    | Note
-------+----------+-------------------------------------------
     0 | D:1      | Doot the Demonspawn Necromancer began the quest for the
                  | Orb.
     0 | D:1      | Reached XP level 1. HP: 13/13 MP: 3/3
   434 | D:1      | Gained mutation: You have an unusually large brain. (Int
                  | +2) [demonic ancestry]
   434 | D:1      | Reached XP level 2. HP: 18/19 MP: 3/5
   777 | D:1      | Reached skill level 5 in Necromancy
  1127 | D:1      | Gained mutation: You regenerate a little health from kills.
                  | [demonic ancestry]
  1127 | D:1      | Reached XP level 3. HP: 15/24 MP: 1/6
  1872 | D:2      | Learned a level 3 spell: Vampiric Draining
  2468 | D:2      | Gained mutation: You have a pair of small horns on your
                  | head. [demonic ancestry]
  2468 | D:2      | Reached XP level 4. HP: 29/30 MP: 8/8
  2509 | D:2      | Got the Tome of Destructive Flames
  2745 | D:2      | Found a faded altar of an unknown god.
  2830 | D:2      | Learned a level 2 spell: Static Discharge
  3373 | D:3      | Found Ivufaosk's Antique Armour Shoppe.
  3535 | D:3      | Found a blossoming altar of Fedhas.
  3766 | D:3      | Found a hazy altar of Hepliaklqana.
  4221 | D:4      | Noticed Dowan
  4282 | D:4      | Gained mutation: Your demonic aura sometimes causes spilled
                  | blood to erupt in flames. [demonic ancestry]
  4282 | D:4      | Reached XP level 5. HP: 29/35 MP: 10/10
  4349 | D:4      | Noticed Duvessa
  4501 | D:5      | Entered Level 5 of the Dungeon
  4501 | D:5      | Noticed a water moccasin
  4507 | D:5      | Killed a water moccasin
  4508 | D:5      | Reached skill level 6 in Necromancy
  4508 | D:5      | Reached skill level 1 in Air Magic
  4508 | D:5      | Noticed a necrophage
  4913 | D:4      | Gained mutation: You have an extremely huge brain. (Int +4)
                  | [demonic ancestry]
  4913 | D:4      | Reached XP level 6. HP: 25/41 MP: 7/12
  5264 | D:5      | Found a staircase to the Ecumenical Temple.
  5270 | Temple   | Entered the Ecumenical Temple
  5281 | Temple   | Became a worshipper of Kikubaaqudgha
  5367 | D:5      | Learned a level 4 spell: Animate Dead
  5388 | D:5      | Found a sparkling altar of Nemelex Xobeh.
  5563 | D:4      | Found a hide-covered altar of Uskayaw.
  5704 | D:5      | Noticed Menkaure
  5704 | D:5      | Noticed an ice beast
  5709 | D:4      | Killed an ice beast
  5710 | D:4      | Reached skill level 7 in Necromancy
  5710 | D:4      | Gained mutation: You have an absolutely massive brain. (Int
                  | +6, Wiz) [demonic ancestry]
  5710 | D:4      | Reached XP level 7. HP: 46/46 MP: 3/13
  6431 | D:4      | Reached skill level 1 in Shields
  6688 | D:5      | Found Iwyzikul's Lightly-Used Armoury.
  7106 | D:3      | Bought a jewelled ring mail for 198 gold pieces
  7106 | D:3      | Identified the +7 ring mail of Perfidy {rElec rF+ rC+} (You
                  | bought it in a shop on level 3 of the Dungeon)
  7224 | D:4      | Killed Duvessa
  7225 | D:4      | Reached skill level 5 in Spellcasting
  7513 | D:5      | Reached * piety under Kikubaaqudgha
  7513 | D:5      | Received a gift from Kikubaaqudgha
  7736 | D:5      | Gained mutation: Your demonic aura often causes spilled
                  | blood to erupt in flames. [demonic ancestry]
  7736 | D:5      | Reached XP level 8. HP: 52/52 MP: 4/15
  7982 | D:4      | Killed Dowan
  7983 | D:4      | Reached skill level 1 in Armour
  8557 | D:5      | Found a broken altar of Ashenzari.
  8653 | D:6      | Noticed a six-headed hydra
  8689 | D:6      | Noticed Pikel
  9011 | D:5      | Reached skill level 1 in Short Blades
  9072 | D:5      | Killed Pikel
  9073 | D:5      | Reached skill level 8 in Necromancy
  9449 | D:7      | Found a sand-covered staircase.
  9453 | D:7      | Noticed a five-headed hydra
  9479 | D:6      | Found Kola Tis's Weapon Shop.
  9834 | D:7      | Gained mutation: You regenerate health from kills. [demonic
                  | ancestry]
  9834 | D:7      | Reached XP level 9. HP: 54/58 MP: 18/18
 10031 | D:7      | Killed a five-headed hydra
 10032 | D:7      | Reached skill level 1 in Fighting
 10032 | D:7      | Reached skill level 1 in Evocations
 10042 | Ossuary  | Entered an ossuary
 10082 | Ossuary  | Reached ** piety under Kikubaaqudgha
 10834 | D:8      | Noticed Erica
 10838 | D:8      | Noticed Maggie
 10854 | D:8      | Killed Maggie
 10855 | D:8      | Reached skill level 9 in Necromancy
 10863 | D:8      | Noticed a two-headed ogre
 10916 | D:8      | Killed a two-headed ogre
 11023 | D:8      | Found a flagged portal.
 11033 | Bailey   | Entered a bailey
 11070 | Bailey   | Reached XP level 10. HP: 35/67 MP: 8/21
 11208 | Bailey   | Learned a level 5 spell: Agony
 11369 | Bailey   | Noticed Prince Ribbit
 11370 | Bailey   | Noticed a vault guard
 11376 | Bailey   | Killed Prince Ribbit
 11393 | Bailey   | Killed a vault guard
 11542 | Bailey   | Noticed a vault guard
 11564 | Bailey   | Killed a vault guard
 11565 | Bailey   | Reached skill level 10 in Necromancy
 11938 | D:8      | Killed Erica
 11947 | D:8      | Reached *** piety under Kikubaaqudgha
 11947 | D:8      | Received a gift from Kikubaaqudgha
 12299 | D:8      | Noticed Harold
 12300 | D:8      | Noticed Harold
 12300 | D:8      | Harold changed into Harold the dream sheep
 12308 | D:8      | Killed Harold the dream sheep
 12309 | D:8      | Gained mutation: You have a pair of horns on your head.
                  | [demonic ancestry]
 12309 | D:8      | Reached XP level 11. HP: 72/72 MP: 14/23
 12461 | D:8      | Found a shadowy altar of Dithmenos.
 12763 | D:9      | Noticed Grum
 12792 | D:9      | Killed Grum
 12930 | D:9      | Found an opulent altar of Gozag.
 13516 | D:9      | Reached skill level 5 in Air Magic
 13645 | D:9      | Identified the +7 dagger "Cuddirgh" {flame, rF+ rN++ Dex-5
                  | Stlth+}
 13851 | D:9      | Learned a level 4 spell: Anguish
 13876 | D:10     | Entered Level 10 of the Dungeon
 14006 | D:10     | Noticed a two-headed ogre
 14116 | D:10     | Killed a two-headed ogre
 14117 | D:10     | Reached skill level 11 in Necromancy
 14260 | D:10     | Found Qimeixen's Armour Boutique.
 14355 | D:10     | Reached skill level 5 in Armour
 14617 | D:11     | Found Qyups's Weapon Shoppe.
 14769 | D:11     | Reached **** piety under Kikubaaqudgha
 14811 | D:11     | Noticed Snorg
 15012 | D:11     | Found a frozen archway.
 15066 | IceCv    | Entered an ice cave
 15082 | IceCv    | Reached skill level 5 in Shields
 15082 | IceCv    | Reached skill level 10 in Spellcasting
 15220 | IceCv    | Reached skill level 1 in Hexes
 15375 | IceCv    | Noticed a white ugly thing
 15380 | IceCv    | Killed a white ugly thing
 15382 | IceCv    | Found the +3 crown of Dyrovepreva {rElec Int+2 SInv}
 15616 | IceCv    | Reached XP level 12. HP: 78/78 MP: 26/26
 15742 | IceCv    | Reached skill level 5 in Evocations
 15879 | IceCv    | Reached ***** piety under Kikubaaqudgha
 15900 | IceCv    | Reached skill level 12 in Necromancy
 15980 | IceCv    | Noticed a death yak
 16021 | IceCv    | Killed a death yak
 16858 | IceCv    | Noticed a death yak
 16858 | IceCv    | Noticed an ironbound frostheart
 16858 | IceCv    | Noticed a death yak
 16858 | IceCv    | Noticed an ironbound frostheart
 16858 | IceCv    | Noticed a death yak
 16899 | IceCv    | Killed a death yak
 17371 | IceCv    | Killed an ironbound frostheart
 17560 | IceCv    | Killed an ironbound frostheart
 17789 | IceCv    | Killed a death yak
 17793 | IceCv    | Killed a death yak
 17815 | IceCv    | Identified the +4 crystal plate armour of Filigreed
                  | Birdsong {*Slow rElec Int-5 Slay+5}
 18337 | D:11     | Found a radiant altar of Vehumet.
 18766 | D:11     | Found a staircase to the Lair.
 19604 | D:12     | Noticed a four-headed hydra
 19614 | D:12     | Killed a four-headed hydra
 19615 | D:12     | Reached skill level 13 in Necromancy
 19761 | D:12     | Gained mutation: You have a pair of large horns on your
                  | head. [demonic ancestry]
 19761 | D:12     | Reached XP level 13. HP: 84/85 MP: 10/28
 20733 | D:12     | Found an opulent altar of Gozag.
 22742 | D:13     | Found a runed translucent gate.
 22742 | D:13     | Found a runed translucent gate.
 22742 | D:13     | Found a runed translucent gate.
 23507 | D:13     | Found a gate to the Vaults.
 24129 | D:10     | Found Yxavaset's Armour Boutique.
 24273 | D:10     | Found a staircase to the Orcish Mines.
 24297 | Orc:1    | Entered Level 1 of the Orcish Mines
 24319 | Orc:1    | Noticed an ettin
 24327 | Orc:1    | HP: 4/85 [orc priest/+1 hand axe of freezing (1)]
 24328 | Orc:1    | Killed an ettin
 24803 | Orc:1    | Found a dark tunnel.
 24828 | Volcano  | Entered a volcano
 25057 | Volcano  | Noticed a stone giant
 25072 | Volcano  | Killed a stone giant
 25369 | Volcano  | Reached skill level 14 in Necromancy
 26007 | Orc:2    | Entered Level 2 of the Orcish Mines
 26007 | Orc:2    | Found Reav's Antique Weapon Emporium.
 26383 | Orc:2    | Found a staircase to the Elven Halls.
 27851 | Orc:2    | Reached ****** piety under Kikubaaqudgha
 27932 | Orc:2    | Received a gift from Kikubaaqudgha
 27943 | Orc:2    | Found Sueq's General Store.
 27943 | Orc:2    | Found Guhun's General Store.
 27944 | Orc:2    | Found Aluets's Antique Weapon Shoppe.
 27948 | Orc:2    | Found Abbukuh's Antique Armour Shoppe.
 27957 | Orc:2    | Bought a scroll of blinking for 97 gold pieces
 29042 | D:14     | Reached XP level 14. HP: 72/93 MP: 26/30
 29511 | D:14     | Identified the +6 mace of Plunder {flame, rN++}
 29550 | D:14     | Noticed Frances
 29844 | Lair:1   | Entered Level 1 of the Lair of Beasts
 32406 | Lair:2   | Reached skill level 15 in Necromancy
 33266 | Lair:3   | Learned a level 4 spell: Airstrike
 34581 | Lair:3   | Found a hole to the Spider Nest.
 34932 | Lair:4   | Learned a level 6 spell: Death Channel
 34969 | Lair:4   | Noticed Aroor's ghost (journeyman OpEE)
 35142 | Lair:4   | Found a gate leading to a gauntlet.
 35155 | Gauntlet | Entered a Gauntlet
 35155 | Gauntlet | Found a transporter.
 35155 | Gauntlet | Found a transporter.
 35263 | Gauntlet | Found a transporter.
 35267 | Gauntlet | Found a transporter.
 35275 | Gauntlet | Found a transporter.
 35279 | Gauntlet | Found a transporter.
 35283 | Gauntlet | Found a runed translucent door.
 35283 | Gauntlet | Found a runed translucent door.
 35287 | Gauntlet | Found a transporter.
 35304 | Gauntlet | Found a transporter.
 35318 | Gauntlet | Found a transporter.
 35322 | Gauntlet | Found a transporter.
 35330 | Gauntlet | Found a transporter.
 35334 | Gauntlet | Found a transporter.
 35351 | Gauntlet | Found a runed translucent door.
 35689 | Gauntlet | Identified the +0 pair of boots of the Catamount {rPois
                  | Will+ Int+6}
 36200 | Gauntlet | Identified the +12 great sword of Qehutaur {flame, rC+
                  | Str+4 Dex+4}
 36657 | Lair:4   | Found a runed translucent door.
 36830 | Lair:4   | Found a staircase to the Swamp.
 38541 | Lair:5   | Found a staircase to the Slime Pits.
 38828 | Lair:6   | Entered Level 6 of the Lair of Beasts
 38841 | Lair:5   | Reached XP level 15. HP: 82/98 MP: 11/32
 40914 | Lair:6   | Reached skill level 16 in Necromancy
 43287 | Swamp:1  | Entered Level 1 of the Swamp
 44283 | Swamp:1  | Noticed Jorgrun
 44835 | Swamp:1  | Paralysed by a hornet for 2 turns
 45444 | Swamp:2  | You are sucked into a shaft and drop 1 floor!
 45460 | Swamp:3  | Mangled by a bog body

Illustrated notes

Levels and vault maps discovered:
D:1:      ldierk_walled_garden_2, layout_basic, serial_corexii_hall,
          corexii_hall_statues_x, corexii_hall_statues_x,
          chequers_hall_statues_wall_a, corexii_hall_statues_i,
          minmay_misc_feat_iff, st_stairs_11
D:2:      layout_rooms, chequers_ecumenical_altar_island
D:3:      layout_loops_ring, lemuel_coloured_pillars_altar,
          nicolae_hepliaklqana_monster_ancestors, serial_aquarium,
          aquarium_bridge_square [aquarium_subvault_bridge,
          aquarium_subvault_balcony, aquarium_subvault_bridge,
          aquarium_subvault_bridge], aquarium_bridge_long_separate
          [aquarium_subvault_wall, aquarium_subvault_window,
          aquarium_subvault_bridge, aquarium_subvault_bridge,
          aquarium_subvault_bridge, aquarium_subvault_wall], aquarium_window_1,
          aquarium_window_1, aquarium_window_1, aquarium_window_corridor_2,
          aquarium_view_2c, aquarium_view_2c, aquarium_pool_1, serial_shops,
          shop
D:4:      layout_gridville, lemuel_tele_altar, uniq_duvessa
D:5:      layout_gridville, nzn_overflow_gifts_of_might_and_magic,
          kennysheep_little_box, mainiacjoe_overflow_six_doors_small,
          mainiacjoe_overflow_chevrons, minmay_temple_entry_waves,
          portal_sewer_entry_d, minmay_shop_damaged, uniq_menkaure
D:6:      layout_gridville, serial_shops, nicolae_shop_hallway_plus, uniq_pikel
D:7:      layout_basic, enter_ossuary_3
D:8:      layout_cave_pools, old_standard_altar, enter_bailey_5,
          minmay_crossroads, uniq_erica, uniq_maggie, uniq_harold
D:9:      layout_irregular_city, mainiacjoe_overflow_tiny_flanked, uniq_grum
D:10:     minmay_evil_eye, layout_rooms, orc_0_dummy, serial_shops,
          nicolae_shop_competitors_out_of_business, shop
D:11:     layout_loops_ring, grunt_lair_entry_orc_guard_hut,
          portal_ice_cave_entry_imps, serial_shops, shop, vehumet_crystals,
          uniq_snorg
D:12:     layout_layer_cave, grunt_ministairs_9, grunt_gozag_breadcrumbs
D:13:     layout_roguey, david_vaults_4,
          ploomutoo_gammafunk_ghost_potion_laboratory
D:14:     minmay_heptahexagon, layout_basic,
          nicolae_wu_jian_immortal_techniques, uniq_frances, uniq_louise
Temple:   ebering_untended_altars
Lair:1:   layout_gridlike, grunt_megastairs_2, infiniplex_staircase_pool
Lair:2:   layout_long_grid
Lair:3:   layout_hall_layers, spider_nest_entry_funnel_web, grunt_megastairs_5
Lair:4:   layout_gridlike, minmay_swamp_entry_reptiles, gauntlet_entry_generic,
          hellmonk_ghost_happy_afterlife, nicolae_lair_grove_arrangements,
          st_stairs_12, chequers_serial_rivers_small_b
Lair:5:   layout_small_grid, dpeg_slime_entry_corner, wad_woods_river_01
Lair:6:   guppyfry_lair_end_dragon, layout_layer_cave,
          chequers_serial_rivers_micro_c, minivault_24
Swamp:1:  layout_basic_swamp, evilmike_swamp_ruin_house_1, uniq_jorgrun,
          uniq_roxanne
Swamp:2:  layout_falls_marsh, evilmike_swamp_ruin_house_2
Swamp:3:  layout_falls_marsh, nicolae_swamp_some_circles
Orc:1:    layout_caves, enter_volcano_3
Orc:2:    st_orc_mages, layout_caves, serial_shops, shop

Skill      XL: |  1  2  3  4  5  6  7  8  9 10 11 12 13 14 15 |
---------------+----------------------------------------------+-----
Necromancy     | 5 6 7 8 9 10 11 13 14 15 16 | 16.4
Spellcasting   | 3 4 5 6 7 8 10 11 12 13 14 | 14.8
Stealth        | 2 3 |  3.5
Air Magic      | 1 2 3 4 5 6 7 8 |  8.7
Dodging        | 2 3 4 |  4.3
Shields        | 1 2 3 4 5 6 7 8 |  8.2
Armour         | 2 3 4 5 6 7 |  7.5
Short Blades   | 1 2 3 |  3.5
Fighting       | 1 2 3 |  3.1
Evocations     | 2 3 4 5 6 7 8 |  8.3
Hexes          | 1 2 3 |  3.1

Action                   |  1- 3 |  4- 6 |  7- 9 | 10-12 | 13-15 || total
-------------------------+-------+-------+-------+-------+-------++-------
Melee: Dagger            |    22 |    21 |   233 |   481 |   490 ||  1247
       Headbutt          |       |     9 |    55 |   110 |    92 ||   266
Throw: Dart              |       |       |     1 |     2 |       ||     3
 Cast: Pain              |    65 |    86 |    60 |   128 |   158 ||   497
       Vampiric Draining |       |     7 |    60 |   145 |   326 ||   538
       Animate Dead      |       |     1 |     1 |    10 |    21 ||    33
       Agony             |       |       |       |    16 |   108 ||   124
       Anguish           |       |       |       |    22 |   162 ||   184
       Static Discharge  |       |       |       |       |     6 ||     6
       Airstrike         |       |       |       |       |   104 ||   104
       Death Channel     |       |       |       |       |    10 ||    10
Invok: Torment           |       |       |       |     1 |       ||     1
       Receive Forbidden |       |       |       |       |     1 ||     1
Evoke: Wand              |       |       |    11 |    11 |       ||    22
       Lightning rod     |       |       |       |     3 |     4 ||     7
  Use: Potion            |       |     1 |     1 |     2 |     7 ||    11
       Scroll            |       |     1 |     1 |    10 |    18 ||    30
 Stab: Distracted        |       |       |       |     1 |     2 ||     3
       Sleeping          |       |       |       |     1 |     7 ||     8
       Petrified         |       |       |       |       |     4 ||     4
Armor: Robe              |    15 |     7 |     2 |       |       ||    24
       Ring mail         |       |       |    79 |   293 |   534 ||   906
       Skin              |       |       |    13 |    28 |       ||    41
Dodge: Dodged            |    37 |    18 |    98 |   208 |   496 ||   857
Block: Kite shield       |       |       |   145 |   386 |   679 ||  1210
       Reflection        |       |       |       |       |     2 ||     2
